[Event "Late-Titled-Tuesday-Blitz-December-26-2023"]
[Site "Chess.com"]
[Date "2023.12.26"]
[Round "3"]
[White "aksuliini1"]
[Black "Felix-Rose"]
[Result "1-0"]
[WhiteElo "2476"]
[BlackElo "2240"]
[TimeControl "180+1"]
[EndTime "14:28:22 PST"]
[Termination "aksuliini1 won by checkmate"]

1. e4 e5 2. Nf3 Nc6 3. Bb5 a6 4. Ba4 Nf6 5. O-O b5 6. Bb3 Bc5 7. c3 d6 8. a4 Rb8 9. d4 Bb6 10. a5 Ba7 11. h3 O-O 12. Re1 h6 13. Be3 exd4 14. cxd4 Nb4 15. Nc3 c5 16. dxc5 Bxc5 17. Bxc5 dxc5 18. e5 Qxd1 19. Raxd1 Ne8 20. Nd5 c4 21. Nxb4 cxb3 22. Nd4 Nc7 23. Nxb3 Be6 24. Nc5 Bc8 25. Nc6 Ra8 26. Rd6 b4 27. Nxb4 Nb5 28. Rb6 Re8 29. Nbxa6 Bxa6 30. Nxa6 Re6 31. Rxb5 Rexa6 32. b4 Rc8 33. Rd1 Rc4 34. Rd6 Ra7 35. a6 Kh7 36.
Rbb6 Re7 37. b5 Rxe5 38. a7 Ra4 39. Ra6 Re1+ 40. Kh2 Raa1 41. Rxa1 Rxa1 42. Ra6 Rxa6 43. bxa6 h5 44. a8=Q h4 45. a7 f5 46. Qd5 g5 47. a8=Q g4 48. Qag8+ Kh6 49. Qd2+ f4 50. Qxf4+ Kh5 51. Qh7# 1-0

[Event "Late-Titled-Tuesday-Blitz-December-26-2023"]
[Site "Chess.com"]
[Date "2023.12.26"]
[Round "3"]
[White "RebecaJimnz"]
[Black "SandwichOSaumon"]
[Result "1-0"]
[WhiteElo "2257"]
[BlackElo "2453"]
[TimeControl "180+1"]
[EndTime "14:28:23 PST"]
[Termination "RebecaJimnz won by resignation"]

1. e4 c5 2. Nc3 e6 3. g3 Nc6 4. Bg2 Nge7 5. Nge2 g6 6. d3 Bg7 7.
Be3 d6 8. Qd2 Nd4 9. Nc1 Nec6 10. Nd1 O-O 11. c3 Nb5 12. Bh6 Nc7 13. h4 e5 14. h5 f5 15. Bxg7 Kxg7 16. hxg6 hxg6 17. Qh6+ Kf6 18. exf5 Bxf5 19. Ne3 Ne7 20. Ne2 Bxd3 21. Ng4+ Ke6 22. Bh3 Rh8 23. Nxe5+ Kxe5 24. Qe3+ Be4 25. f3 Kf6 26. Qxe4 Nf5 27. O-O-O Qe7 28. Bxf5 gxf5 29. Qd3 d5 30. Nf4 Rhd8 31. Nh5+ Kg6 32. Nf4+ Kg7 33. Qxf5 Rh8 34. Nh5+ Rxh5 35. Qxh5 Qe3+ 36. Kb1 Qxf3 37. Qxf3 1-0

[Event "Late-Titled-Tuesday-Blitz-December-26-2023"]
[Site "Chess.com"]
[Date "2023.12.26"]
[Round "3"]
[White "GMJustin"]
[Black "sebastianmarinp"]
[Result "0-1"]
[WhiteElo "2234"]
[BlackElo "2460"]
[TimeControl "180+1"]
[EndTime "14:28:23 PST"]
[Termination "sebastianmarinp won on time"]

1. e4 c5 2. Nf3 d6 3. d4 cxd4 4. Nxd4 Nf6 5. Nc3 g6 6. Be3 Bg7 7. Qd2 O-O 8. Bh6 Nc6 9. Bxg7 Kxg7 10. O-O-O Qb6 11. Nb3 a5 12. Nd5 Nxd5 13. exd5 Ne5 14. f4 Ng4 15. Nd4 Bd7 16. Re1 Rfe8 17. Be2 Nf6 18. Bf3 a4 19. f5 a3 20. b3 Qa5 21.
Qxa5 Rxa5 22. fxg6 hxg6 23. c4 b5 24. cxb5 Bxb5 25.
b4 Rc8+ 26. Kd2 Rc4 27. bxa5 Rxd4+ 28. Kc3 Ra4 29. Rxe7 Rxa5 30. Kb4 Ra4+ 31. Kxb5 Rd4 32. Rd1 Rf4 33. Rd3 g5 34. Rxa3 g4 35. Be2 Rf2 36.
Bc4 Rxg2 37. Kc6 Rxh2 38. Kxd6 Rc2 39. Raa7 Rxc4 40. Rxf7+ Kg6 41. Rg7+ Kf5 42. Raf7 Rd4 43. Kc6 Rxd5 44. Rxf6+ Kxf6 45. Kxd5 Kxg7 46. Ke4 Kf6 47. a4 Ke6 48. a5 Kd6 0-1

[Event "Late-Titled-Tuesday-Blitz-December-26-2023"]
[Site "Chess.com"]
[Date "2023.12.26"]
[Round "3"]
[White "alvarorodriguezavila"]
[Black "HalfIsCrayfish"]
[Result "0-1"]
[WhiteElo "2280"]
[BlackElo "2606"]
[TimeControl "180+1"]
[EndTime "14:28:26 PST"]
[Termination "HalfIsCrayfish won on time"]

1. e4 c6 2. d3 Na6 3. Nd2 Nc7 4. Ngf3 d5 5. g3 g6 6. Bg2 Bg7 7. O-O Bg4 8. h3 Bxf3 9. Qxf3 e6 10. c3 Ne7 11. d4 O-O 12. Re1 Rc8 13. Nb3 b6 14. Bg5 f6 15. Bd2 Qd7 16. exd5 exd5 17. Re2 Rce8 18. Rae1 Nf5 19. Bf1 Nd6 20. Bc1 Ne4 21. Nd2 f5 22. Qg2 c5 23. dxc5 bxc5 24. Rd1 Kh8 25.
Nxe4 fxe4 26. Rxe4 Rxe4 27. Qxe4 Qf7 28. Qe2 d4 29. cxd4 cxd4 30. Bg2 Re8 31. Qc2 Qd7 32. Qc4 Rd8 33. Bg5 Rf8 34. Be3 Rd8 35. Qd3 Ne6 36. Bd2 Qa4 37. Qb3 Qxb3 38. axb3 Nc5 39. Bg5 Rb8 40. Bd5 Nxb3 41. Rd3 Nc5 42. Rd2 Na4 43. Bf4 Rxb2 44. Rxb2 Nxb2 45. Kf1 Na4 46. Ke1 Nc3 0-1

[Event "Late-Titled-Tuesday-Blitz-December-26-2023"]
[Site "Chess.com"]
[Date "2023.12.26"]
[Round "3"]
[White "artin10862"]
[Black "Mikayel99"]
[Result "1/2-1/2"]
[WhiteElo "2894"]
[BlackElo "2586"]
[TimeControl "180+1"]
[EndTime "14:28:27 PST"]
[Termination "Game drawn by repetition"]

1. e4 c6 2. d4 d5 3. e5 c5 4.
dxc5 e6 5. a3 Bxc5 6. Qg4 g6 7.
Nf3 h5 8. Qg3 Nc6 9. Bd3 Nge7 10. O-O Nf5 11. Bxf5 gxf5 12. Bg5 Be7 13. Bxe7 Nxe7 14.
Nc3 Ng6 15. Nb5 h4 16. Qg5 Qxg5 17. Nxg5 Nxe5 18. Nc7+ Kd7 19. Nxa8 f6 20. Rfe1 b6 21. Nxe6 Kxe6 22. Nc7+ Kd6 23. Nb5+ Kc5 24. Nc3 d4 25.
Ne2 Rg8 26. Kf1 h3 27. g3 Nf3 28. Nf4 Ba6+ 29. Nd3+ Bxd3+ 30. cxd3 Nxh2+ 31. Ke2 f4 32. Rh1 Re8+ 33. Kd1 Ng4 34. Kd2 Nxf2 35. Rhc1+ Kd5 36.
gxf4 Rg8 37. Ke2 Rg2 38. Rg1 Rxg1 39. Rxg1 h2 40. Kxf2 hxg1=Q+ 41. Kxg1 Ke6 42. Kg2 f5 43. a4 a5 44. Kf2 Kf6 45. Kg3 Kg6 46. Kh4 Kh6 47.
Kh3 Kh5 48. Kg3 Kg6 49. Kf2 Kh5 50. Kg3 Kg6 1/2-1/2

[Event "Late-Titled-Tuesday-Blitz-December-26-2023"]
[Site "Chess.com"]
[Date "2023.12.26"]
[Round "3"]
[White "alertakobra"]
[Black "GP9isback23"]
[Result "0-1"]
[WhiteElo "2444"]
[BlackElo "2628"]
[TimeControl "180+1"]
[EndTime "14:28:27 PST"]
[Termination "GP9isback23 won by checkmate"]

1. e4 c5 2. Nf3 e6 3. d4 cxd4 4. Nxd4 Nf6 5. Nc3 Nc6 6. a3 d5 7. exd5 exd5 8. Be3 Be7 9. Qd2 O-O 10. O-O-O Be6 11. h3 Rc8 12. g4 Ne5 13. f4 Nc4 14. Bxc4 Rxc4 15. f5 Bd7 16. Nb3 Bc6 17. Qf2 b6 18.
Nd4 Bb7 19. g5 Ne4 20. Nxe4 dxe4 21. Ne6 Qc8 22. Nxg7 Qc6 23. Kb1 Rc8 24. Rd2 Bxa3 25. Nh5 Bxb2 26. Kxb2 Qb5+ 27. Kc1 Ra4 28. Bd4 e3 29.
Qxe3 Bxh1 30. Nf6+ Kf8 31. Nxh7+ Kg8 32. Nf6+ Kf8 33.
Nh5 Qf1+ 34. Rd1 Qxf5 35. Bg7+ Kg8 36. Bb2 Qxc2# 0-1

[Event "Late-Titled-Tuesday-Blitz-December-26-2023"]
[Site "Chess.com"]
[Date "2023.12.26"]
[Round "3"]
[White "WPWPWP-2015"]
[Black "inagreV"]
[Result "1-0"]
[WhiteElo "2582"]
[BlackElo "2408"]
[TimeControl "180+1"]
[EndTime "14:28:30 PST"]
[Termination "WPWPWP-2015 won by resignation"]

1. e4 e5 2. Nf3 Nc6 3. Bb5 a6 4.
Ba4 Bc5 5. O-O Nge7 6. c3 Ba7 7. d4 Ng6 8. Bg5 f6 9. Be3 O-O 10. Bb3+ Kh8 11. g3 d6 12. h4 Bg4 13. dxe5 Bxe3 14.
fxe3 Ncxe5 15. Nbd2 Nxf3+ 16. Nxf3 Ne5 17. Kg2 Nxf3 18.
Rxf3 Qe7 19. Bc2 a5 20. Qd5 Bxf3+ 21. Kxf3 c6 22. Qd4 Rad8 23. Rd1 Qe6 24. Bb3 Qh3 25. Qb6 d5 26. exd5 cxd5 27. Qxb7 Qf5+ 28. Kg2 Qe4+ 29.
Kf2 Qf5+ 30. Kg2 Rd7 31. Qb5 Qe4+ 32. Kf2 Qf5+ 33. Kg2 Re7 34. Re1 Re5 35. Qxa5 Qd3 36. Qc5 Qd2+ 37. Kh3 Rfe8 38. Rd1 Qf2 39. Bxd5 Rxe3 40.
Qd6 Qf5+ 41. Kh2 Re2+ 42. Bg2 Qc2 43. Rg1 Qxb2 44. c4 Qxa2 45. c5 Rc2 46. c6 Qa6 47. Qd7 Rc8 48. Re1 h6 49. Re8+ Rxe8 50. Qxe8+ Kh7 51.
Qe4+ Kh8 52. Qxc2 1-0

[Event "Late-Titled-Tuesday-Blitz-December-26-2023"]
[Site "Chess.com"]
[Date "2023.12.26"]
[Round "3"]
[White "Kapitan_Bayan"]
[Black "Championnn-9"]
[Result "1-0"]
[WhiteElo "2325"]
[BlackElo "2506"]
[TimeControl "180+1"]
[EndTime "14:28:31 PST"]
[Termination "Kapitan_Bayan won by checkmate"]

1. e4 d6 2. d4 Nf6 3. Nc3 Nbd7 4.
Nf3 e5 5. Rg1 exd4 6. Qxd4 c6 7.
Bf4 Qa5 8. O-O-O Ng4 9. Bxd6 Bxd6 10. Qxd6 Nxf2 11. Rd2 Ng4 12. h3 Nge5 13. Kb1 g6 14. b4 Qb6 15. Nxe5 Qxg1 16. Nxd7 Qxf1+ 17. Rd1 Qxd1+ 18. Qxd1 Bxd7 19. Qd4 O-O 20. Qxd7 Rab8 21. e5 Rfd8 22. Qe7 Rd4 23. e6 Rf8 24. Qf6 Rxb4+ 25.
Kc1 Rc4 26. h4 Rc5 27. e7 Re8 28. Ne4 Rd5 29. Nd6 Rxd6 30. Qxd6 f5 31. Qe6+ Kg7 32. g3 h6 33. Kd2 a5 34. Ke3 a4 35. Kf4 a3 36. Ke5 h5 37. Qf6+ Kh6 38. Qf7 Rxe7+ 39. Qxe7 f4 40. Kf6 g5 41. Qg7# 1-0

[Event "Late-Titled-Tuesday-Blitz-December-26-2023"]
[Site "Chess.com"]
[Date "2023.12.26"]
[Round "3"]
[White "KorolDimitriy75"]
[Black "MasterofMasters2006"]
[Result "0-1"]
[WhiteElo "2358"]
[BlackElo "2080"]
[TimeControl "180+1"]
[EndTime "14:28:32 PST"]
[Termination "MasterofMasters2006 won by resignation"]

1. d4 Nf6 2. c4 e6 3. Nc3 Bb4 4. Qc2 O-O 5. e4 Bxc3+ 6. bxc3 c5 7. e5 Ne8 8. Bd3 f5 9. exf6 Nxf6 10. Nf3 Nc6 11. Ba3 b6 12. dxc5 bxc5 13. Bxc5 d6 14. Ba3 e5 15. O-O h6 16. h3 Be6 17.
Rad1 Qc7 18. Rfe1 Rfd8 19. Bf5 Bxc4 20. Qa4 Bf7 21. Rd2 d5 22. Bb1 e4 23. Nd4 Ne5 24. Nb5 Qc6 25. Qb4 a5 26. Qc5 Qxc5 27. Bxc5 Nc4 28. Rdd1 Rdc8 29. Bd4 Rcb8 30. a4 Nd7 31. Ba2 Ndb6 32. Bxb6 Nxb6 33. Nd6 Be6 34. Nxe4 Nxa4 35. Nd6 Nxc3 36. Rd2 Nxa2 37. Rxe6 Nb4 38. Re7 Rd8 39. Nf5 Kf8 40. Rxg7 a4 41. Re2 Re8 42. Rxe8+ Kxe8 43. Ra7 Rxa7 0-1

[Event "Late-Titled-Tuesday-Blitz-December-26-2023"]
[Site "Chess.com"]
[Date "2023.12.26"]
[Round "3"]
[White "nitpicker"]
[Black "KnobbedHornbill"]
[Result "0-1"]
[WhiteElo "2308"]
[BlackElo "2525"]
[TimeControl "180+1"]
[EndTime "14:28:33 PST"]
[Termination "KnobbedHornbill won by resignation"]

1. d4 d5 2. c4 c6 3. Nf3 Nf6 4. Qb3 dxc4 5. Qxc4 Bg4 6. Qb3 Qb6 7. e3 Nbd7 8. Nc3 Bxf3 9. gxf3 e5 10. dxe5 Nxe5 11. Be2 O-O-O 12. f4 Nd3+ 13. Bxd3 Rxd3 14. Qxf7 Bb4 15.
Bd2 Rhd8 16. O-O-O R8d7 17. Qb3 Qc5 18. a3 Ba5 19.
Qc2 Ng4 20. b4 Qd6 21. Ne4 Qd5 22. Nc5 Rxa3 23. Nxd7 Ra1+ 24. Kb2 Ra2+ 25. Kb1 Rxc2 26.
Kxc2 Nxf2 27. bxa5 Nxh1 28. Ne5 Nf2 29. Ra1 Ne4 30. Be1 Qc5+ 31. Kd3 Qb5+ 32. Kc2 Qe2+ 33. Kb3 Qxe3+ 34. Kc2 Qxf4 35. Nd3 Qf5 36. Ra4 Nc5 37. Rd4 Nxd3 38. Rxd3 c5 39. Kd2 Qf4+ 40. Kc2 Qe4 41. Kc3 c4 42. Rd4 Qxe1+ 43. Kxc4 Qxa5 44. Rf4 Qa4+ 45.
Kd5 Qxf4 46. Ke6 Qxh2 47. Kf7 Qh6 48. Kg8 Kd7 49. Kh8 g5 0-1

[Event "Late-Titled-Tuesday-Blitz-December-26-2023"]
[Site "Chess.com"]
[Date "2023.12.26"]
[Round "3"]
[White "olawsson"]
[Black "giomar27"]
[Result "0-1"]
[WhiteElo "2145"]
[BlackElo "2404"]
[TimeControl "180+1"]
[EndTime "14:28:33 PST"]
[Termination "giomar27 won on time"]

1. d4 Nf6 2. c4 c5 3. d5 b5 4. f3 bxc4 5. e4 e6 6. Nc3 d6 7. Bxc4 exd5 8. Nxd5 Bb7 9. Bg5 Be7 10. Nxe7 Qxe7 11. Ne2 O-O 12. O-O Nbd7 13. Nc3 h6 14.
Bh4 Nb6 15. Bb3 Rad8 16. Qd2 c4 17. Bc2 d5 18. exd5 Nbxd5 19. Nxd5 Rxd5 20. Qc3 Qe5 21. Bxf6 gxf6 22. Be4 Rb5 23. Qxc4 Rc8 24. Qa4 Rxb2 25. Bxb7 Rcc2 26. Qg4+ Kh8 27. Be4 f5 28. Bxf5 Rxg2+ 29. Qxg2 Rxg2+ 30. Kxg2 Qxf5 31. Rfe1 Qg5+ 32. Kf2 Qd2+ 33.
Kg1 Qd4+ 34. Kg2 Kg7 35. Rf1 h5 36. Rae1 h4 37. Rf2 h3+ 38. Kf1 Qc4+ 39. Ree2 Qd3 40. Kg1 Qd1+ 0-1

[Event "Late-Titled-Tuesday-Blitz-December-26-2023"]
[Site "Chess.com"]
[Date "2023.12.26"]
[Round "3"]
[White "Dewarfd"]
[Black "PapaieDudu"]
[Result "0-1"]
[WhiteElo "2120"]
[BlackElo "2500"]
[TimeControl "180+1"]
[EndTime "14:28:34 PST"]
[Termination "PapaieDudu won by resignation"]

1. d4 d5 2. e3 Nf6 3. Nf3 c5 4.
dxc5 Nc6 5. Bb5 Bf5 6. O-O e6 7. b4 Be7 8. a3 Bg4 9. Bb2 O-O 10. c4 a6 11. Bxc6 bxc6 12. cxd5 cxd5 13. h3 Bh5 14. Nbd2 Rb8 15. Qc2 a5 16. Ne5 Qc8 17. Qc3 Rd8 18.
Qd4 Bf8 19. Bc3 Ne8 20. g4 Bg6 21. Nxg6 hxg6 22. Nf3 Nc7 23. Qf4 Nb5 24. Bb2 Rb7 25. Ng5 f6 26. Nf3 Na7 27. Bc3 Nc6 28. Rfb1 e5 29.
Qg3 Na7 30. g5 Nb5 31. Bb2 axb4 32. axb4 Qf5 33. Nh4 Qd3 34. gxf6 gxf6 35. Qxg6+ Rg7 36.
Qxg7+ Bxg7 37. Kh2 Rd7 38. Rg1 Qe4 39. Rg4 Qc2 40.
Rag1 Qxb2 41. Nf5 Qxf2+ 42. Kh1 Qxf5 0-1

[Event "Late-Titled-Tuesday-Blitz-December-26-2023"]
[Site "Chess.com"]
[Date "2023.12.26"]
[Round "3"]
[White "CuteSheepCloud"]
[Black "Fan_Of_Chucky"]
[Result "1-0"]
[WhiteElo "2648"]
[BlackElo "2460"]
[TimeControl "180+1"]
[EndTime "14:28:35 PST"]
[Termination "CuteSheepCloud won by resignation"]

1. c4 Nf6 2. Nc3 c5 3. e4 g6 4.
e5 Nh5 5. g4 Ng7 6. Bg2 Ne6 7.
Nge2 Nc6 8. f4 Ned4 9. O-O Bg7 10. Nxd4 Nxd4 11. d3 d6 12. exd6 Qxd6 13. Ne4 Qc7 14.
f5 O-O 15. f6 exf6 16. Nxf6+ Bxf6 17. Rxf6 Qe5 18. Rf2 Re8 19. Be4 Qe6 20. h3 Bd7 21. Bg5 Bc6 22. Bxc6 bxc6 23. Qd2 f5 24. gxf5 Nxf5 25.
Raf1 Rf8 26. b4 cxb4 27. Qxb4 Qe5 28. Bf4 Qd4 29. Qd2 Nh4 30. Kh1 Rf5 31. Bg3 Raf8 32. Qe2 Rxf2 33. Rxf2 Rxf2 34. Bxf2 Qd7 35. Kh2 Nf5 36. c5 Qc7+ 37. Kg2 Qf4 38. Qe6+ Kg7 39. Qxc6 Qg5+ 40. Kf3 Qc1 41. Qc7+ Kh6 42. Qf4+ Qxf4+ 43. Kxf4 Kg7 44. d4 Kf7 45. d5 Ke7 46. Ke5 Kd7 47. c6+ Kc7 48. Bxa7 Nd6 49. Bb8+ 1-0

[Event "Late-Titled-Tuesday-Blitz-December-26-2023"]
[Site "Chess.com"]
[Date "2023.12.26"]
[Round "3"]
[White "MITerryble"]
[Black "Misticpikachu"]
[Result "1-0"]
[WhiteElo "3029"]
[BlackElo "2473"]
[TimeControl "180+1"]
[EndTime "14:28:37 PST"]
[Termination "MITerryble won by resignation"]

1. e4 c5 2. Nf3 e6 3. Nc3 Nc6 4. Bb5 Nd4 5. O-O a6 6. Bd3 Nc6 7. a4 d6 8. Bc4 g6 9. d4 cxd4 10.
Nxd4 Bg7 11. Nf3 Nge7 12. Bf4 d5 13. exd5 exd5 14. Nxd5 Nxd5 15. Bxd5 O-O 16. c3 Qf6 17.
Qd2 Bg4 18. Bg5 Qf5 19. Rfe1 Rfe8 20.
h3 Bxf3 21. Bxf3 Ne5 22. Bxb7 Rab8 23. Be4 Qe6 24. Bd5 Qf5 25. f4 Nd3 26. Rxe8+ Rxe8 27. Bc6 Qc5+ 28. Kh2 Qxc6 29. Qxd3 Rb8 30. Qd2 Qc4 31. a5 h6 32. Bh4 Rb5 33. Re1 Rxa5 34. Qd8+ Kh7 35. Qxa5 Qxf4+ 36. Bg3 Qd2 37. Qxa6 h5 38. Qe2 Qd8 39. Qe4 Qb6 40. Re2 Qa6 41. Rf2 Qa4 42. Qxa4 1-0

[Event "Late-Titled-Tuesday-Blitz-December-26-2023"]
[Site "Chess.com"]
[Date "2023.12.26"]
[Round "3"]
[White "MikeSailer"]
[Black "jactorres"]
[Result "0-1"]
[WhiteElo "2193"]
[BlackElo "2509"]
[TimeControl "180+1"]
[EndTime "14:28:37 PST"]
[Termination "jactorres won on time"]

1. d4 Nf6 2. Nc3 b6 3. Bg5 Bb7 4. Nf3 d6 5. e3 Nbd7 6. Be2 e6 7.
O-O Be7 8. a4 a6 9. a5 b5 10.
Re1 O-O 11. Qd3 c5 12. e4 cxd4 13. Nxd4 h6 14. Bh4 Nc5 15. Qe3 Nfxe4 16. Bxe7 Qxe7 17. Nxe4 Nxe4 18. Bf3 d5 19. Bxe4 dxe4 20. c3 Rac8 21. Nc2 Rfd8 22. Nb4 Qc7 23. Qa7 Ra8 24. Qe3 Bd5 25.
Red1 Kh7 26. h3 f5 27. Qb6 Qd6 28. Qxd6 Rxd6 29. Rd2 Rad8 30. Kf1 g5 31. Ke1 Kg7 32.
Rad1 Kf6 33. b3 Ke7 34. c4 bxc4 35. bxc4 Bxc4 36. Rxd6 Rxd6 37. Rc1 Bb5 38. Rc7+ Rd7 39. Rc8 Kd6 40. Rh8 Kc5 41. Nc2 Bd3 42. Ne3 Kb5 43. Rxh6 Re7 44. Rg6 Kxa5 45. Rxg5 Kb4 46. h4 a5 47. h5 a4 48. h6 Rh7 49. Rg6 a3 50. Rxe6 a2 51. Ra6 Bxa6 0-1

[Event "Late-Titled-Tuesday-Blitz-December-26-2023"]
[Site "Chess.com"]
[Date "2023.12.26"]
[Round "3"]
[White "GMBenjaminBok"]
[Black "KNVB"]
[Result "1-0"]
[WhiteElo "2967"]
[BlackElo "2713"]
[TimeControl "180+1"]
[EndTime "14:28:39 PST"]
[Termination "GMBenjaminBok won by resignation"]

1. d4 Nf6 2. c4 e6 3. Nc3 Bb4 4. Qc2 O-O 5. a3 Bxc3+ 6. Qxc3 b5 7. cxb5 a6 8. bxa6 Bxa6 9. Bg5 h6 10. Bh4 c5 11. dxc5 g5 12. Bg3 Nc6 13. f3 Nd5 14. Qd2 Na5 15. Rd1 Nc4 16. Qc1 Nce3 17. Rxd5 Nxd5 18.
Bd6 Re8 19. h4 Qf6 20. Nh3 gxh4 21. e4 Bxf1 22. Kxf1 Ne7 23. Nf2 Qg5 24. Bf4 Qh5 25. Ng4 Kg7 26. Bxh6+ Kg6 27. Qc3 e5 28. Be3 f6 29. Bf2 Rh8 30. Rxh4 Qg5 31. Rxh8 Rxh8 32. Be3 Rh1+ 33. Ke2 Qh4 34. Bf2 Qg5 35. Qd3 Nc6 36. Qxd7 Qc1 37. Qe8+ Kg7 38. Qd7+ Kf8 39. Qd6+ Ke8 40.
Nxf6+ Kf7 41. Qd5+ Kxf6 42. Qxc6+ Kg5 43. Be3+ Qxe3+ 44. Kxe3 1-0

[Event "Late-Titled-Tuesday-Blitz-December-26-2023"]
[Site "Chess.com"]
[Date "2023.12.26"]
[Round "3"]
[White "HanSchut"]
[Black "Aariow"]
[Result "0-1"]
[WhiteElo "2253"]
[BlackElo "2474"]
[TimeControl "180+1"]
[EndTime "14:28:40 PST"]
[Termination "Aariow won on time"]

1. e4 c5 2. Nf3 Nc6 3. d4 cxd4 4.
Nxd4 g6 5. c4 Bg7 6. Be3 Nf6 7.
Nc3 O-O 8. Be2 d6 9. Qd2 Bd7 10. f3 Nh5 11. Rc1 Bxd4 12. Bxd4 Nxd4 13. Qxd4 Nf4 14.
O-O e5 15. Qxd6 Qg5 16. g3 Bh3 17. Kf2 Rfd8 18. Qc5 Rac8 19. Qe3 Bxf1 20. Bxf1 Ne6 21. Qxg5 Nxg5 22. Nd5 Kf8 23. b3 Ne6 24. Bh3 Rd6 25. f4 exf4 26. gxf4 Rcd8 27. f5 Nc5 28. Ke3 Re8 29.
fxg6 Rxe4+ 30. Kf3 hxg6 31. b4 Nd3 32. Kxe4 Nxc1 33.
Ke5 Ra6 34. b5 Rxa2 35. Kd6 Rxh2 36. Bc8 b6 37. Kc7 Ra2 38. Kb7 Nb3 39. Ne7 Kxe7 0-1

[Event "Late-Titled-Tuesday-Blitz-December-26-2023"]
[Site "Chess.com"]
[Date "2023.12.26"]
[Round "3"]
[White "Ajedrez_con_German"]
[Black "fugadelafuga"]
[Result "0-1"]
[WhiteElo "2591"]
[BlackElo "2437"]
[TimeControl "180+1"]
[EndTime "14:28:41 PST"]
[Termination "fugadelafuga won by checkmate"]

1. Nf3 d5 2. e3 Nf6 3. c4 c6 4.
Nc3 Bg4 5. d4 e6 6. Be2 Nbd7 7.
h3 Bh5 8. O-O Bd6 9. b3 Qe7 10.
Bb2 O-O 11. Ne5 Bxe2 12. Nxe2 a5 13. Qc2 Ne4 14. f3 Nef6 15. Nf4 dxc4 16. Qxc4 Nd5 17. Rfe1 N7b6 18. Qc2 Nxf4 19. exf4 Nd5 20. f5 exf5 21. Qxf5 Bxe5 22. dxe5 Qe6 23. Qe4 Rfe8 24. f4 g6 25. Ba3 h5 26. Rad1 Nc3 27. Qf3 Nxd1 28. Rxd1 Red8 29. Bd6 a4 30. g4 hxg4 31. hxg4 axb3 32. f5 Qc4 33. axb3 Qc2 34. fxg6 Qxg6 35. Rf1 Ra2 36. Qg3 Rda8 37. Qf4 Ra1 38. Rxa1 Rxa1+ 39. Kg2 Re1 40. Qa4 Re4 41. Qa8+ Kh7 42. Qf8 Qxg4+ 43.
Kf2 Qf4+ 44. Kg2 Re2+ 45. Kh3 Qf3+ 46. Kh4 Rh2+ 47. Kg5 Rg2+ 48. Kh4 Qg4# 0-1

[Event "Late-Titled-Tuesday-Blitz-December-26-2023"]
[Site "Chess.com"]
[Date "2023.12.26"]
[Round "3"]
[White "ExchangeAB"]
[Black "aranibos"]
[Result "1-0"]
[WhiteElo "2501"]
[BlackElo "2159"]
[TimeControl "180+1"]
[EndTime "14:28:41 PST"]
[Termination "ExchangeAB won by resignation"]

1. Nf3 g6 2. d4 Bg7 3. c3 d6 4. g3 b6 5. Bg2 Bb7 6. O-O Nf6 7. a4 a6 8. Nbd2 O-O 9. Re1 c5 10. Nc4 Nbd7 11. e3 b5 12. Na3 b4 13. cxb4 cxb4 14.
Nc4 Rc8 15. b3 Nb6 16. Nfd2 Bxg2 17. Kxg2 Nfd5 18. Bb2 Nc3 19. Qf3 d5 20. Nxb6 Qxb6 21. Rec1 e6 22. Nb1 Ne4 23. Qd1 Rxc1 24. Qxc1 a5 25.
f3 Nd6 26. Nd2 Nf5 27. Kf2 Qb8 28. Qf1 Rc8 29. Rc1 h5 30. Rxc8+ Qxc8 31. Qc1 Qxc1 32. Bxc1 e5 33. dxe5 Bxe5 34. Nf1 Nd6 35. Ke2 f5 36. Kd3 Kf7 37. Kc2 Ke6 38. Bb2 Bxb2 39. Kxb2 d4 40.
Kc2 dxe3 41. Nxe3 Ke5 42. Kd3 f4 43. Ng2 g5 44. gxf4+ gxf4 45. Nh4 Kf6 46. Kd4 Kg5 47. Ng2 Nf5+ 48. Ke4 Nd6+ 49. Ke5 Nf7+ 50. Ke6 Nh6 51. h4+ Kg6 52. Nxf4+ Kh7 53. Nxh5 Ng8 54. f4 Kg6 55. Ng3 Nf6 56. f5+ Kg7 57. h5 Ng4 58. Ne4 1-0

[Event "Late-Titled-Tuesday-Blitz-December-26-2023"]
[Site "Chess.com"]
[Date "2023.12.26"]
[Round "3"]
[White "mbojan"]
[Black "Agibileg"]
[Result "0-1"]
[WhiteElo "2900"]
[BlackElo "2700"]
[TimeControl "180+1"]
[EndTime "14:28:43 PST"]
[Termination "Agibileg won by checkmate"]

1. a3 a6 2. h3 h6 3. e3 b5 4. c4 Bb7 5. Nf3 bxc4 6. Bxc4 c5 7. O-O Nf6 8. b4 d5 9. Be2 cxb4 10. axb4 e6 11. b5 axb5 12. Bxb5+ Nbd7 13. Rxa8 Bxa8 14. Bb2 Be7 15. Bxf6 Bxf6 16. Qa4 Bb7 17. Rc1 Bc8 18. Qa3 Be7 19. Qa8 O-O 20. Nc3 Qb6 21. Rb1 Qc7 22.
Qa2 Ne5 23. Nxe5 Qxe5 24. Ne2 Bd6 25. g3 Qf5 26. Kg2 e5 27. Ng1 d4 28. Be2 Be6 29.
Qb2 Rb8 30. Qxb8+ Bxb8 31. Rxb8+ Kh7 32. Bg4 Bd5+ 33. Bf3 Bc4 34. exd4 exd4 35. Rb4 Qc2 36. Ne2 Bxe2 37. Bxe2 Qxd2 38. Ra4 Qxe2 39. Rxd4 g5 40. h4 Kg6 41. hxg5 hxg5 42. Kg1 f5 43. Kg2 Kh5 44. Kg1 Qf3 45. Rb4 f4 46. gxf4 gxf4 47. Rb8 Qd1+ 48. Kg2 f3+ 49. Kg3 Qd6+ 50. Kh3 Qe6+ 51.
Kg3 Qg4+ 52. Kh2 Qf4+ 53. Kh3 Qh4# 0-1

[Event "Late-Titled-Tuesday-Blitz-December-26-2023"]
[Site "Chess.com"]
[Date "2023.12.26"]
[Round "3"]
[White "MightyGMpretender"]
[Black "vladoboch"]
[Result "1-0"]
[WhiteElo "2761"]
[BlackElo "2411"]
[TimeControl "180+1"]
[EndTime "14:28:43 PST"]
[Termination "MightyGMpretender won by resignation"]

1. Nf3 c5 2. b3 Nc6 3. Bb2 d6 4. d4 cxd4 5. Nxd4 Bd7 6. e4 Nf6 7. Bd3 e5 8. Nxc6 Bxc6 9. Qe2 Be7 10. c4 O-O 11. Nc3 Qd7 12. O-O Bd8 13. Rad1 Bb6 14. Kh1 Rad8 15. Bc2 Qg4 16. Qxg4 Nxg4 17. Rd2 Bd4 18. h3 Nf6 19. Re1 Nh5 20. Nd1 Bc5 21. Ne3 Bb4 22. Red1 Bxd2 23. Rxd2 Nf6 24.
f3 Nh5 25. Ba3 Rd7 26. Bxd6 Rfd8 27. c5 b6 28. b4 bxc5 29. bxc5 Nf4 30. Bb3 Ne6 31.
Bd5 Rxd6 32. cxd6 Rxd6 33. Nf5 Rd7 34. Rc2 Bxd5 35. exd5 Nf8 36. Rc5 g6 37. Ne3 Kg7 38.
Nc4 f6 39. Kg1 g5 40. Kf2 Ng6 41. g3 Ne7 42. d6 Nf5 43. Rc7 Rxc7 44. dxc7 Ne7 45.
Nd6 Kg6 46. g4 a6 47. a4 h5 48. Ke2 hxg4 49. hxg4 f5 50. gxf5+ Kf6 51. a5 e4 52.
fxe4 Ke5 53. c8=Q Nxc8 54. Nxc8 Kxe4 55. f6 1-0

[Event "Late-Titled-Tuesday-Blitz-December-26-2023"]
[Site "Chess.com"]
[Date "2023.12.26"]
[Round "3"]
[White "dosto07"]
[Black "js20000"]
[Result "1-0"]
[WhiteElo "2537"]
[BlackElo "2784"]
[TimeControl "180+1"]
[EndTime "14:28:43 PST"]
[Termination "dosto07 won by checkmate"]

1. e4 Nc6 2. Nf3 e6 3. d4 d5 4. Nbd2 Nf6 5. e5 Nd7 6. Be2 f6 7. exf6 Nxf6 8. Nf1 Bd6 9. Ne3 O-O 10. O-O e5 11. dxe5 Nxe5 12. Nxd5 Nfg4 13. Nxe5 Bxe5 14.
Bxg4 Bxg4 15. Qxg4 Qxd5 16. Rd1 Qf7 17. Be3 Bxb2 18. Rab1 Qxa2 19. Rxb2 Qxb2 20. Bd4 Qxd4 21. Rxd4 Rf7 22. h4 a5 23. Qg5 h6 24. Rd8+ Kh7 25. Qd5 Rxd8 26. Qxf7 a4 27. Qxc7 Rd1+ 28. Kh2 a3 29. Qa5 Ra1 30. Qc3 Ra2 31. h5 b6 32.
Qb3 Ra1 33. Qxb6 Kh8 34. Qb8+ Kh7 35. Qb3 Kh8 36. c4 Rc1 37. Qxa3 Rxc4 38. Qa8+ Kh7 39. g3 Rg4 40. Qf3 Rg5 41. Kh3 Kh8 42. Qa8+ Kh7 43. Qe4+ Kh8 44. g4 Ra5 45. f4 Ra3+ 46. Kh4 Ra6 47.
Qe8+ Kh7 48. Qe4+ Kh8 49. Qc4 Rb6 50. g5 Rb8 51. Kg4 Rf8 52. Qd4 Kh7 53. Qe4+ Kh8 54. Qg6 hxg5 55. fxg5 Ra8 56. h6 gxh6 57. Qxh6+ Kg8 58.
Qe6+ Kh8 59. Qe5+ Kg8 60. Qd5+ Kh7 61. Qxa8 Kg6 62. Qg8# 1-0

[Event "Late-Titled-Tuesday-Blitz-December-26-2023"]
[Site "Chess.com"]
[Date "2023.12.26"]
[Round "3"]
[White "Viktor_Poddubnyi"]
[Black "cthake"]
[Result "0-1"]
[WhiteElo "2289"]
[BlackElo "1912"]
[TimeControl "180+1"]
[EndTime "14:28:43 PST"]
[Termination "cthake won on time"]

1. e4 e6 2. d4 d5 3. Nd2 c5 4.
exd5 exd5 5. Bb5+ Nc6 6. Qe2+ Qe7 7.
dxc5 Qxe2+ 8. Nxe2 Bxc5 9. Nb3 Bb6 10. Bf4 Ne7 11. f3 Bf5 12. O-O-O O-O-O 13. Ned4 Nxd4 14. Nxd4 Bg6 15. Rhe1 Bxd4 16. Rxd4 Nf5 17. Rd2 a6 18. Ba4 b5 19. Bb3 d4 20. Rde2 Kb7 21. g4 Nh4 22. Bg5 Nxf3 23. Bxd8 Nxe1 24. Re7+ Kc6 25. Ba5 Nf3 26. h3 f6 27. Rxg7 Re8 28. a4 Kc5 29. axb5 axb5 30. Rc7+ Kd6 31. Rb7 Kc5 32.
Rc7+ Kd6 33. Rg7 d3 34. Bb4+ Kc6 35. cxd3 Bxd3 36. Bc2 Bxc2 37. Kxc2 Re2+ 0-1